 Dungeon Crawl Stone Soup version 0.23.2-1-ga50397a (webtiles) character file.

Game seed: 12996892094273944708

1487 kae the Transmogrifier (level 8, 0/59 HPs)
             Began as a Grey Draconian Transmuter on May 15, 2019.
             Was an Initiate of Okawaru.
             Slain by a centaur (10 damage)
             ... on level 6 of the Dungeon.
             The game lasted 00:07:40 (6856 turns).

kae the Transmogrifier (Grey Draconian Transmuter)  Turns: 6856, Time: 00:07:40

Health: 0/59       AC:  2    Str: 13    XL:     8   Next: 50%
Magic:  10/12      EV: 19    Int: 14    God:    Okawaru [......]
Gold:   220        SH:  0    Dex: 18    Spells: 2/13 levels left

rFire    . . .     SeeInvis +     - Unarmed
rCold    . . .     Gourm    .   (shield currently unavailable)
rNeg     . . .     Faith    .   (armour unavailable)
rPois    .         Spirit   .   (helmet currently unavailable)
rElec    .         Reflect  .   (cloak currently unavailable)
rCorr    .         Harm     .   (gloves currently unavailable)
MR       .....                  (boots currently unavailable)
Stlth    ++........             (no amulet)
HPRegen  0.19/turn              l - ring of poison resistance
MPRegen  0.13/turn              x - ring of see invisible

@: lethally poisoned (0 -> -3), spider-form, starving
A: tiny, (walk through water), unfitting armour, AC +11
a: End Transformation, Renounce Religion


You were on level 6 of the Dungeon.
You worshipped Okawaru.
Okawaru was noncommittal.
You were starving.
You were a venomous arachnid creature.
You visited 2 branches of the dungeon, and saw 7 of its levels.

You collected 220 gold pieces.

Inventory:

Missiles
 a - 71 arrows
Armour
 o - a +0 cloak (melded)
Jewellery
 l - a ring of poison resistance (left front leg)
 x - a ring of see invisible (right front leg)
Wands
 j - a wand of acid (5)
 m - a wand of random effects (13)
 n - a wand of polymorph (1)
 r - a wand of flame (16)
Scrolls
 d - 3 scrolls of enchant weapon
 h - 3 scrolls of remove curse
 i - 4 scrolls of teleportation
 k - a scroll of fog
 w - a scroll of magic mapping
 y - a scroll of amnesia
Potions
 b - 2 potions of curing
 e - 3 potions of magic
 f - 2 potions of mutation
 g - 2 potions of invisibility {unknown}
 p - a potion of heal wounds {unknown}
 q - a potion of might {unknown}
 s - a potion of degeneration {unknown}
 u - a potion of ambrosia {unknown}
 z - a potion of haste
Comestibles
 c - 7 rations


   Skills:
 - Level 1.1 Fighting
 - Level 1.7 Dodging
 + Level 3.9 Unarmed Combat
 + Level 3.0 Spellcasting
 * Level 10.2 Transmutations


You had 2 spell levels left.
You knew the following spells:

 Your Spells              Type           Power        Failure   Level  Hunger
a - Beastly Appendage     Tmut           ####..       2%          1    #......
b - Sticks to Snakes      Tmut           ####....     3%          2    ##.....
c - Spider Form           Tmut/Pois      ###.......   21%         3    ###....
d - Blade Hands           Tmut           ####......   22%         5    ######.

Your spell library contained the following spells:

 Spells                   Type           Power        Failure   Level  Hunger
 Ice Form                 Ice/Tmut       ###.....     47%         4    #####..


Dungeon Overview and Level Annotations

Branches:
Dungeon (6/15)             Temple (1/1) D:5

Altars:
Ashenzari
Cheibriados
Dithmenos
Elyvilon
Fedhas
Gozag
Hepliaklqana
Kikubaaqudgha
Nemelex Xobeh
Okawaru
Qazlal
Sif Muna
Trog
Uskayaw
Vehumet
Wu Jian
Xom
Zin
The Shining One


Innate Abilities, Weirdness & Mutations

((You can walk through water.))
((Your dull iron-grey scales are very hard. (AC +11)))
You cannot fit into any form of body armour.
((You can survive without breathing.))
((You are cold-blooded and may be slowed by cold attacks.))


Message History

The centaur is heavily wounded.
The centaur barely misses you. The scorpion stings you.
* * * LOW HITPOINT WARNING * * *
You are poisoned.
The scorpion poisons you! The centaur hits you.
* * * LOW HITPOINT WARNING * * *
You hit the centaur but do no damage.
The centaur is heavily wounded.
You feel sick. The scorpion barely misses you. The centaur misses you.
You hit the centaur but do no damage.
The centaur looks as sick as possible!
The centaur is moderately wounded.
You feel sick.
The centaur hits you but does no damage.
The scorpion misses you.
You hit the centaur.
The centaur looks as sick as possible!
The centaur is severely wounded.
You are starving!
The centaur completely misses you. The scorpion closely misses you.
The centaur hits you!
You die...

..# .[ #.#
.##.# ..#.#
#.#.# #.#.#
#.#.###.###
#.cs......(
##s####.###
#.(.# .#
#...## .#
#....##.#
#....##.#
#.....#.#
#...#.#.#
#...#...# #


You could see a centaur and a scorpion.

Vanquished Creatures
  Pikel (D:4)
  A slave (D:4)
  An ogre (D:4)
  A sky beast (D:5)
  2 centaurs (D:5)
  2 bullfrogs
  A scorpion (D:5)
  A crimson imp (D:5)
  2 orc wizards
  Jessica (D:2)
  Natasha (thrice) (D:2)
  5 worker ants
  A howler monkey skeleton (D:5)
  3 adders
  4 gnolls
  A shadow imp (D:5)
  2 oozes
  An adder skeleton (D:4)
  3 worms
  A dart slug (D:3)
  2 leopard geckos
  6 orcs
  5 giant cockroaches
  7 goblins
  9 hobgoblins
  4 jackals (D:4)
  7 kobolds
  2 quokkas
  2 ball pythons
  10 bats
  3 frilled lizards
  A quokka skeleton (D:4)
  4 rats
99 creatures vanquished.

Vanquished Creatures (others)
  A slave (D:4)
  4 jackals (D:4)
  A jackal skeleton (D:4)
6 creatures vanquished.

Grand Total: 105 creatures vanquished

Notes
Turn   | Place    | Note
-------+----------+-------------------------------------------
     0 | D:1      | kae the Draconian Transmuter began the quest for the Orb.
     0 | D:1      | Reached XP level 1. HP: 16/16 MP: 3/3
   163 | D:1      | Reached XP level 2. HP: 21/23 MP: 3/5
   310 | D:1      | Reached skill level 3 in Transmutations
   656 | D:2      | Reached XP level 3. HP: 28/28 MP: 6/6
   660 | D:2      | Learned a level 2 spell: Sticks to Snakes
   664 | D:2      | Learned a level 3 spell: Spider Form
  1005 | D:2      | Noticed Jessica
  1011 | D:2      | Killed Jessica
  1011 | D:2      | Reached skill level 4 in Transmutations
  1164 | D:2      | Reached XP level 4. HP: 35/35 MP: 7/7
  1381 | D:2      | Found a glowing golden altar of the Shining One.
  1464 | D:2      | Noticed Natasha
  1472 | D:2      | Killed Natasha
  1683 | D:2      | Reached skill level 5 in Transmutations
  1705 | D:2      | Noticed Natasha
  1858 | D:2      | Reached XP level 5. HP: 39/40 MP: 5/8
  1870 | D:2      | Killed Natasha
  2485 | D:2      | Found a glowing golden altar of the Shining One.
  2510 | D:2      | Noticed Natasha
  2558 | D:2      | Killed Natasha
  3592 | D:3      | Reached skill level 6 in Transmutations
  3592 | D:3      | Reached XP level 6. HP: 44/47 MP: 6/9
  3900 | D:3      | Found a bloodstained altar of Trog.
  3969 | D:3      | Found a deep blue altar of Sif Muna.
  4146 | D:4      | Reached skill level 7 in Transmutations
  4447 | D:4      | Your scales start taking on a dull iron-grey colour.
  4447 | D:4      | Reached XP level 7. HP: 31/52 MP: 4/10
  4447 | D:4      | Gained mutation: You can survive without breathing. [Grey
                  | Draconian growth]
  4679 | D:4      | Noticed Pikel
  4698 | D:4      | Killed Pikel
  4698 | D:4      | Reached skill level 9 in Transmutations
  4698 | D:4      | Reached XP level 8. HP: 24/59 MP: 5/11
  4983 | D:4      | Found an opulent altar of Gozag.
  5234 | D:5      | Entered Level 5 of the Dungeon
  5242 | D:5      | Learned a level 5 spell: Blade Hands
  5570 | D:5      | Found a hide-covered altar of Uskayaw.
  5722 | D:5      | Found a staircase to the Ecumenical Temple.
  5906 | Temple   | Entered the Ecumenical Temple
  5958 | Temple   | Became a worshipper of Warmaster Okawaru
  6141 | D:5      | Reached skill level 10 in Transmutations
  6793 | D:6      | Found a glowing silver altar of Zin.
  6856 | D:6      | Slain by a centaur

Skill      XL: |  1  2  3  4  5  6  7  8 |
---------------+-------------------------+-----
Transmutations | 3 4 5 6 7 9 10 | 10.2
Spellcasting   | 3 |  3.0
Fighting       | |  1.1
Dodging        | |  1.7
Unarmed Combat | |  3.9

Action                   |  1- 3 |  4- 6 |  7- 9 || total
-------------------------+-------+-------+-------++-------
Melee: Unarmed           |   113 |   185 |   141 ||   439
       Tailslap          |     9 |     7 |     7 ||    23
       Kick              |     6 |       |       ||     6
       Headbutt          |     1 |     2 |       ||     3
       Punch             |       |       |     2 ||     2
 Cast: Beastly Appendage |    12 |     4 |     2 ||    18
       Sticks to Snakes  |     2 |     1 |       ||     3
       Spider Form       |       |    15 |    13 ||    28
  Use: Scroll            |     3 |     6 |     3 ||    12
       Potion            |       |     1 |       ||     1
 Stab: Sleeping          |     3 |       |       ||     3
  Eat: Chunk             |     1 |    13 |     4 ||    18
       Ration            |       |       |     1 ||     1
Armor: Skin              |    45 |    32 |    29 ||   106
Dodge: Dodged            |    83 |   119 |   113 ||   315
